BLB
CALIFORNIA KODIAKS @ LOS ANGELES DINOS
08/19/2059
 
TOP OF THE 1ST
California Kodiaks batting - Pitching for Los Angeles Dinos : RHP Liam Polyak
Pitching: RHP Liam Polyak
Batting: RHB Hayden Cornett 0-0: Called Strike
0-1: SINGLE (Line Drive, 4D, EV 100.0 MPH)
Batting: LHB Stephen Caskey 0-0: Ball
1-0: Ball
2-0: Called Strike
2-1: Ball
3-1: Grounds into double play, 4-6-3 (Groundball, 4, EV 89.4 MPH)
Batting: RHB Stan Sikes 0-0: Swinging Strike
0-1: Foul Ball, location: 2F
0-2: Ball
1-2: Ball
2-2: Foul Ball, location: 2F
2-2: Strikes out swinging
Top of the 1st over - 0 runs, 1 hit, 0 errors, 0 left on base; California 0 - Los Angeles 0
BOTTOM OF THE 1ST
Los Angeles Dinos batting - Pitching for California Kodiaks : RHP Joel Sawyer
Pitching: RHP Joel Sawyer
Batting: RHB Efren Zamora 0-0: Called Strike
0-1: Ball
1-1: Ball
2-1: Foul Ball, location: 2F
2-2: Ground out 5-3 (Groundball, 5, EV 81.9 MPH)
Batting: LHB Tris Chikumbu 0-0: Ball
1-0: Called Strike
1-1: Ball
2-1: Ball
3-1: Base on Balls
Batting: LHB Sage Emerson 0-0: Called Strike
0-1: Swinging Strike
0-2: Strikes out swinging
Batting: LHB Shawn Hickey 0-0: Called Strike
0-1: Foul Ball, location: 2F
0-2: Ground out 4-3 (Groundball, 4, EV 82.5 MPH)
Bottom of the 1st over - 0 runs, 0 hits, 0 errors, 1 left on base; California 0 - Los Angeles 0
TOP OF THE 2ND
California Kodiaks batting - Pitching for Los Angeles Dinos : RHP Liam Polyak
Batting: RHB Spencer Stephens 0-0: Swinging Strike
0-1: SINGLE (Groundball, 56D, EV 95.0 MPH)
Batting: RHB Frank Memmi 0-0: Ball
Spencer Stephens steals 2nd base
1-0: Ball
2-0: Foul Ball, location: 2F
2-1: Ball
3-1: Ground out 1-3 (Groundball, 13S, EV 68.8 MPH)
Spencer Stephens to third
Batting: RHB Dante Nunn 0-0: Called Strike
0-1: Ground out 4-3 (Groundball, 4, EV 108.1 MPH)
Spencer Stephens scores
Batting: RHB Mitt Saginashvili 0-0: Ball
1-0: Ground out 5-3 (Groundball, 56S, EV 71.2 MPH)
Top of the 2nd over - 1 run, 1 hit, 0 errors, 0 left on base; California 1 - Los Angeles 0
BOTTOM OF THE 2ND
Los Angeles Dinos batting - Pitching for California Kodiaks : RHP Joel Sawyer
Batting: RHB Wyatt Steinauer 0-0: Foul Ball, location: 2F
0-1: Ball
1-1: Ball
2-1: Foul Ball, location: 2F
2-2: Foul Ball, location: 2F
2-2: Foul Ball, location: 2F
2-2: Strikes out swinging
Batting: RHB Cody Turner 0-0: Foul Ball, location: 2F
0-1: Swinging Strike
0-2: Ball
1-2: Ground out 6-3 (Groundball, 6, EV 77.5 MPH)
Batting: RHB Mason Dvorak 0-0: Ground out 6-3 (Groundball, 6, EV 103.8 MPH)
Bottom of the 2nd over - 0 runs, 0 hits, 0 errors, 0 left on base; California 1 - Los Angeles 0
TOP OF THE 3RD
California Kodiaks batting - Pitching for Los Angeles Dinos : RHP Liam Polyak
Batting: RHB Al Wagner 0-0: Called Strike
0-1: Called Strike
0-2: Ball
1-2: Ball
2-2: Fly out, F6 (Flyball, 56D, EV 85.0 MPH)
Batting: RHB Zack Simmons 0-0: Ball
1-0: SINGLE (Line Drive, 89M, EV 101.9 MPH)
Batting: RHB Hayden Cornett 0-0: Ball
Zack Simmons steals 2nd base
1-0: Foul Ball, location: 2F
1-1: SINGLE (Line Drive, 4MD, EV 101.9 MPH)
Zack Simmons to third
Batting: LHB Stephen Caskey 0-0: Called Strike
Hayden Cornett is caught stealing 2nd base 2-6
0-1: Foul Ball, location: 2F
0-2: SINGLE (Groundball, 34D, EV 100.0 MPH)
Zack Simmons scores
Batting: RHB Stan Sikes 0-0: Ball
1-0: Ball
2-0: Ball
3-0: Called Strike
3-1: Fly out, F7 (Flyball, 7D, EV 103.1 MPH)
Top of the 3rd over - 1 run, 3 hits, 0 errors, 1 left on base; California 2 - Los Angeles 0
BOTTOM OF THE 3RD
Los Angeles Dinos batting - Pitching for California Kodiaks : RHP Joel Sawyer
Batting: RHB Derick Murphy 0-0: Ball
1-0: Fly out, F7 (Line Drive, 7S, EV 97.5 MPH)
Batting: RHB Jahmel Ortiz 0-0: Ground out 6-3 (Groundball, 6, EV 105.0 MPH)
Batting: RHB Efren Zamora 0-0: Ground out 2-3 (Groundball, 2L, EV 64.4 MPH)
Bottom of the 3rd over - 0 runs, 0 hits, 0 errors, 0 left on base; California 2 - Los Angeles 0
TOP OF THE 4TH
California Kodiaks batting - Pitching for Los Angeles Dinos : RHP Liam Polyak
Batting: RHB Spencer Stephens 0-0: Ball
1-0: Ball
2-0: SINGLE (Line Drive, 9S, EV 110.0 MPH)
Batting: RHB Frank Memmi 0-0: Ball
1-0: Swinging Strike
1-1: Called Strike
1-2: Ball
2-2: Strikes out swinging
Batting: RHB Dante Nunn 0-0: Called Strike
Spencer Stephens steals 2nd base
0-1: Ball
1-1: Fly out, F4 (Popup, 34D, EV 65.0 MPH)
Batting: RHB Mitt Saginashvili 0-0: Ball
1-0: Called Strike
1-1: Ball
2-1: Swinging Strike
2-2: Ground out 5-3 (Groundball, 56S, EV 78.8 MPH)
Top of the 4th over - 0 runs, 1 hit, 0 errors, 1 left on base; California 2 - Los Angeles 0
BOTTOM OF THE 4TH
Los Angeles Dinos batting - Pitching for California Kodiaks : RHP Joel Sawyer
Batting: LHB Tris Chikumbu 0-0: SINGLE (Line Drive, 8RS, EV 104.4 MPH)
Batting: LHB Sage Emerson 0-0: Called Strike
0-1: Ball
1-1: Fly out, F4 (Line Drive, 4MD, EV 68.8 MPH)
Batting: LHB Shawn Hickey 0-0: Called Strike
0-1: Foul Ball, location: 2F
0-2: Ball
1-2: Ball
2-2: Strikes out swinging
Batting: RHB Wyatt Steinauer 0-0: Called Strike
0-1: Called Strike
0-2: Ball
1-2: Strikes out swinging
Bottom of the 4th over - 0 runs, 1 hit, 0 errors, 1 left on base; California 2 - Los Angeles 0
TOP OF THE 5TH
California Kodiaks batting - Pitching for Los Angeles Dinos : RHP Liam Polyak
Batting: RHB Al Wagner 0-0: SINGLE (Line Drive, 7S, EV 95.6 MPH)
Batting: RHB Zack Simmons 0-0: Sac Bunt to 15S - play at first, batter OUT! 1-3
Al Wagner to second
Batting: RHB Hayden Cornett 0-0: Ball
1-0: Ball
2-0: Called Strike
2-1: Swinging Strike
2-2: Ball
3-2: Strikes out swinging
Batting: LHB Stephen Caskey 0-0: Ball
1-0: Called Strike
1-1: Ball
2-1: TRIPLE (Flyball, 9LD, EV 100.0 MPH)
Al Wagner scores
Batting: RHB Stan Sikes 0-0: Ball
1-0: Ball
2-0: Called Strike
2-1: Swinging Strike
2-2: Foul Ball, location: 2F
2-2: Ball
3-2: Ground out 5-3 (Groundball, 5, EV 98.1 MPH)
Top of the 5th over - 1 run, 2 hits, 0 errors, 1 left on base; California 3 - Los Angeles 0
BOTTOM OF THE 5TH
Los Angeles Dinos batting - Pitching for California Kodiaks : RHP Joel Sawyer
Batting: RHB Cody Turner 0-0: Called Strike
0-1: Foul Ball, location: 2F
0-2: Hit by Pitch
Batting: RHB Mason Dvorak 0-0: Swinging Strike
0-1: Bunt - Flyout to 23! F3
Batting: RHB Derick Murphy 0-0: Called Strike
0-1: SINGLE (Groundball, 56S, EV 62.5 MPH) (infield hit)
Cody Turner to second
Batting: RHB Jahmel Ortiz 0-0: Called Strike
0-1: Fielders Choice at 3rd, U5 (Groundball, 5L, EV 79.4 MPH)
Derick Murphy to second
Batting: RHB Efren Zamora 0-0: Ball
1-0: Ball
2-0: Called Strike
2-1: Ball
3-1: Base on Balls
Derick Murphy to third
Jahmel Ortiz to second
Batting: LHB Tris Chikumbu 0-0: Ball
1-0: Foul Ball, location: 2F
1-1: Foul Ball, location: 2F
1-2: Strikes out looking
Bottom of the 5th over - 0 runs, 1 hit, 0 errors, 3 left on base; California 3 - Los Angeles 0
TOP OF THE 6TH
California Kodiaks batting - Pitching for Los Angeles Dinos : RHP Liam Polyak
Pitching: RHP Dane Wines
Batting: RHB Spencer Stephens 0-0: Ground out 6-3 (Groundball, 6, EV 91.2 MPH)
Batting: RHB Frank Memmi 0-0: Ball
1-0: Ball
2-0: Called Strike
2-1: Called Strike
2-2: Foul Ball, location: 2F
2-2: Ball
3-2: Foul Ball, location: 2F
3-2: Foul Ball, location: 2F
3-2: Base on Balls
Batting: RHB Dante Nunn 0-0: Called Strike
0-1: SINGLE (Line Drive, 34D, EV 100.0 MPH)
Frank Memmi to second
Batting: RHB Mitt Saginashvili 0-0: Ball
1-0: Fielders Choice at 2nd, 5-4 (Groundball, 56, EV 109.4 MPH)
Frank Memmi to third
Batting: RHB Al Wagner 0-0: Swinging Strike
0-1: Ball
1-1: Ball
2-1: SINGLE (Flyball, 34D, EV 92.5 MPH)
Frank Memmi scores
Mitt Saginashvili to second
Runner from 2nd tries for 3rd, OUT! 9-5
Top of the 6th over - 1 run, 2 hits, 0 errors, 1 left on base; California 4 - Los Angeles 0
BOTTOM OF THE 6TH
Los Angeles Dinos batting - Pitching for California Kodiaks : RHP Joel Sawyer
Batting: LHB Sage Emerson 0-0: Foul Ball, location: 2F
0-1: SINGLE (Line Drive, 9S, EV 91.9 MPH)
Batting: LHB Shawn Hickey 0-0: Called Strike
0-1: Called Strike
0-2: Strikes out swinging
Batting: RHB Wyatt Steinauer 0-0: Ball
1-0: Ball
2-0: Foul Ball, location: 2F
2-1: Fly out, F8 (Line Drive, 8LM, EV 90.6 MPH)
Batting: RHB Cody Turner 0-0: Ball
1-0: Fielders Choice at 2nd, 6-4 (Groundball, 6, EV 104.4 MPH)
Bottom of the 6th over - 0 runs, 1 hit, 0 errors, 1 left on base; California 4 - Los Angeles 0
TOP OF THE 7TH
California Kodiaks batting - Pitching for Los Angeles Dinos : RHP Dane Wines
Batting: RHB Zack Simmons 0-0: Ball
1-0: Foul Ball, location: 2F
1-1: Ground out 4-3 (Groundball, 4, EV 105.6 MPH)
Batting: RHB Hayden Cornett 0-0: Ground out 6-3 (Groundball, 6, EV 99.4 MPH)
Batting: LHB Stephen Caskey 0-0: Ground out 4-3 (Groundball, 4, EV 84.4 MPH)
Top of the 7th over - 0 runs, 0 hits, 0 errors, 0 left on base; California 4 - Los Angeles 0
BOTTOM OF THE 7TH
Los Angeles Dinos batting - Pitching for California Kodiaks : RHP Joel Sawyer
Batting: RHB Mason Dvorak 0-0: Fly out, F4 (Popup, 13, EV 91.2 MPH)
Batting: RHB Derick Murphy 0-0: Swinging Strike
0-1: DOUBLE (Flyball, 8LXD, EV 96.2 MPH)
Batting: RHB Jahmel Ortiz 0-0: Foul Ball, location: 2F
0-1: Ground out 1-3 (Groundball, 13S, EV 70.6 MPH)
Derick Murphy to third
Batting: RHB Efren Zamora 0-0: Ball
1-0: Ball
2-0: Called Strike
2-1: SINGLE (Groundball, 56D, EV 100.0 MPH)
Derick Murphy scores
Batting: LHB Tris Chikumbu 0-0: Foul Ball, location: 2F
0-1: Ground out U3 (Groundball, 3L, EV 91.2 MPH)
Bottom of the 7th over - 1 run, 2 hits, 0 errors, 1 left on base; California 4 - Los Angeles 1
TOP OF THE 8TH
California Kodiaks batting - Pitching for Los Angeles Dinos : RHP Dane Wines
Batting: RHB Stan Sikes 0-0: Called Strike
0-1: Ball
1-1: Ball
2-1: Foul Ball, location: 2F
2-2: Ball
3-2: Fly out, F8 (Line Drive, 8RD, EV 91.2 MPH)
Batting: RHB Spencer Stephens 0-0: Swinging Strike
0-1: Ball
1-1: Ball
2-1: Called Strike
2-2: Foul Ball, location: 2F
2-2: Strikes out swinging
Batting: RHB Frank Memmi 0-0: Foul Ball, location: 2F
0-1: Reached on error, E3 (Groundball, 3, EV 94.4 MPH)
Pitching: LHP Saxby Lucas
Batting: RHB Dante Nunn 0-0: Ball
1-0: Called Strike
1-1: Fly out, F8 (Line Drive, 8LD, EV 93.8 MPH)
Top of the 8th over - 0 runs, 0 hits, 1 error, 1 left on base; California 4 - Los Angeles 1
BOTTOM OF THE 8TH
Los Angeles Dinos batting - Pitching for California Kodiaks : RHP Joel Sawyer
Now at 1B: Kelvin Young
Batting: LHB Sage Emerson 0-0: Ball
1-0: Foul Ball, location: 2F
1-1: Ball
2-1: Foul Ball, location: 2F
2-2: Ball
3-2: Ground out U3 (Groundball, 3, EV 88.1 MPH)
Pitching: LHP Aubrey Wheelwright
Batting: LHB Shawn Hickey 0-0: Ball
1-0: Fly out, F9 (Line Drive, 9, EV 106.2 MPH)
Batting: RHB Wyatt Steinauer 0-0: Ball
1-0: Foul Ball, location: 2F
1-1: Ball
2-1: Ball
3-1: Fly out, F8 (Line Drive, 78D, EV 108.8 MPH)
Bottom of the 8th over - 0 runs, 0 hits, 0 errors, 0 left on base; California 4 - Los Angeles 1
TOP OF THE 9TH
California Kodiaks batting - Pitching for Los Angeles Dinos : LHP Saxby Lucas
Batting: RHB Mitt Saginashvili 0-0: Called Strike
0-1: Ball
1-1: Ball
2-1: Foul Ball, location: 2F
2-2: Ground out 5-3 (Groundball, 5, EV 83.1 MPH)
Batting: RHB Al Wagner 0-0: Called Strike
0-1: Foul Ball, location: 2F
0-2: Ball
1-2: Ball
2-2: Strikes out looking
Batting: RHB Zack Simmons 0-0: TRIPLE (Flyball, 78XD, EV 105.0 MPH)
Batting: RHB Hayden Cornett 0-0: Called Strike
0-1: Foul Ball, location: 2F
0-2: Fly out, F7 (Flyball, 7D, EV 94.4 MPH)
Top of the 9th over - 0 runs, 1 hit, 0 errors, 1 left on base; California 4 - Los Angeles 1
BOTTOM OF THE 9TH
Los Angeles Dinos batting - Pitching for California Kodiaks : LHP Aubrey Wheelwright
Pitching: LHP Payton Cooke
Now at C: Sean Catron
Batting: RHB Cody Turner 0-0: Ball
1-0: Bunt for hit to 2R - play at first, batter OUT! 2-3
Batting: RHB Mason Dvorak 0-0: Swinging Strike
0-1: Foul Ball, location: 2F
0-2: Ball
1-2: Strikes out swinging, 2-3 out at first.
Batting: RHB Derick Murphy 0-0: Ball
1-0: SINGLE (Groundball, 4MD, EV 100.0 MPH)
Batting: RHB Jahmel Ortiz 0-0: Swinging Strike
0-1: Ball
1-1: Swinging Strike
1-2: Strikes out swinging
Bottom of the 9th over - 0 runs, 1 hit, 0 errors, 1 left on base; California 4 - Los Angeles 1
Monday, March 25th , 2024 - OOTP Baseball 23.10 Build 110